 Dungeon Crawl Stone Soup version 0.30.1-11-g7821555f0a (webtiles) character file.

Game seed: 6072399505771303481

9969 Cheops the Covert (level 11, -8/75 HPs)
             Began as an Octopode Conjurer on Dec 4, 2023.
             Mangled by a meliai
             ... wielding a +2 heavy war axe
              (11 damage)
             ... on level 11 of the Dungeon.
             The game lasted 01:07:55 (18173 turns).

Cheops the Covert (Octopode Conjurer)              Turns: 18173, Time: 01:07:56

Health: -8/75      AC:  1    Str: 12    XL:     11   Next: 54%
Magic:  2/27       EV: 15    Int: 26    God:
Gold:   656        SH: 10    Dex: 10    Spells: 6/20 levels left

rFire   + + .        a - +2 dagger (venom)
rCold   + . .        D - +1 buckler
rNeg    + . .        (helmet restricted)
rPois   +            r - amulet of reflection
rElec   .            k - ring of the Magpie {Wiz rPois rF++ rN+ Stlth-}
rCorr   .            A - ring of magical power
SInv    .            B - +6 ring of strength
Will    .....        C - ring of protection from cold
Stlth   ++++         (no ring)
HPRegen 0.32/turn    (no ring)
MPRegen 0.20/turn    (no ring)
                     (no ring)

%: reflection, wizardry (x1)
@: no status effects
A: almost no armour, amphibious, 8 rings, camouflage 1, gelatinous body 1,
(nimble swimmer 1), tentacles
a: no special abilities


You were on level 11 of the Dungeon.
You visited 2 branches of the dungeon, and saw 12 of its levels.

You collected 656 gold pieces.

Inventory:

Hand Weapons
 a - a +2 dagger of venom (weapon)
 b - a +1 dagger of speed
Missiles
 p - 3 throwing nets
Armour
 D - a +1 buckler (worn)
 I - an orb of light
Jewellery
 g - an amulet of guardian spirit
 k - the ring of the Magpie (left tentacle) {Wiz rPois rF++ rN+ Stlth-}
   (You acquired it on level 6 of the Dungeon)

   [ring of wizardry]

   It improves your spell success rate.
   rF:        It greatly protects you from fire.
   rPois:     It protects you from poison.
   rN:        It protects you from negative energy.
   Stlth:     It makes you less stealthy.
 r - an amulet of reflection (around mantle)
 s - an amulet of the acrobat
 A - a ring of magical power (right tentacle)
 B - a +6 ring of strength (on tentacle)
 C - a ring of protection from cold (on tentacle)
Wands
 j - a wand of polymorph (7)
 l - a wand of light (4)
 y - a wand of digging (5)
 z - a wand of flame (16)
 H - a wand of paralysis (9)
 L - a wand of roots (17)
Scrolls
 c - 2 scrolls of enchant weapon
 d - a scroll of magic mapping
 e - a scroll of teleportation
 f - 3 scrolls of poison {unknown}
 h - a scroll of torment
 i - a scroll of silence
 x - a scroll of brand weapon {unknown}
 G - a scroll of immolation {unknown}
 J - a scroll of vulnerability {unknown}
 K - a scroll of fog {unknown}
Potions
 m - a potion of berserk rage {unknown}
 n - 3 potions of haste {unknown}
 o - 3 potions of degeneration {unknown}
 q - 2 potions of brilliance {unknown}
 t - 4 potions of attraction {unknown}
 u - 2 potions of mutation {unknown}
 v - 2 potions of lignification {unknown}
 w - 3 potions of curing
 E - a potion of ambrosia {unknown}
 F - a potion of flight {unknown}
 M - a potion of might {unknown}


   Skills:
 - Level 7.0 Fighting
 + Level 1.3 Short Blades
 - Level 9.0 Dodging
 - Level 9.2 Stealth
 - Level 4.0 Shields
 - Level 5.0 Spellcasting
 - Level 8.0 Conjurations
 - Level 5.0 Hexes
 - Level 5.0 Translocations
 - Level 3.0 Evocations


You had 6 spell levels left.
You knew the following spells:

 Your Spells              Type           Power      Damage    Failure   Level
a - Magic Dart            Conj           100%       1d8       1%          1
b - Searing Ray           Conj           96%        2d7       1%          2
d - Dazzling Flash        Conj/Hex       80%        N/A       1%          3
i - Iskenderun's Mystic   Conj/Tloc      40%        2d9       2%          4
p - Fulminant Prism       Conj/Hex       20%        3d12      2%          4

Your spell library contained the following spells:

 Spells                   Type           Power      Damage    Failure   Level
 Gell's Gravitas          Tloc           32%        N/A       1%          3
 Teleport Other           Tloc           32%        N/A       1%          3
 Vhi's Electric Charge    Tloc/Air       38%        N/A       4%          3
 Arcjolt                  Conj/Air       13%        1d23      22%         5
 Dispersal                Tloc           16%        N/A       58%         6
 Maxwell's Capacitive Co  Air            3%         ∞         100%        8


Dungeon Overview and Level Annotations

Branches:
Dungeon (11/15)            Temple (1/1) D:6            Lair (0/5) D:8
    Orc (0/2) D:11

Altars:
Ashenzari
Cheibriados
Dithmenos
Elyvilon
Fedhas
Gozag
Hepliaklqana
Kikubaaqudgha
Makhleb
Nemelex Xobeh
Okawaru
Qazlal
Ru
Sif Muna
Trog
Uskayaw
Vehumet
Wu Jian
Xom
Yredelemnul
Zin
The Shining One

Shops:
D:3 (   D:4 *   D:8 :

Annotations:
D:11 Sonja


Innate Abilities, Weirdness & Mutations

You cannot wear most types of armour.
You are amphibious.
You can wear up to eight rings at the same time.
Your skin changes colour to match your surroundings (Stealth+).
Your rubbery body absorbs attacks. (AC +1, EV +1)
((You are camouflaged when in or above water. (Stealth+)))
You have tentacles for arms and can constrict up to eight enemies at once.


Message History

Casting: Magic Dart (safe; 1% risk of failure)
Confirm with . or Enter, or press ? or * to list all spells.
Aiming: Fulminant Prism (dangerous; 2% risk of failure)
Press: ? - help, Dir - move target, p - meliai You conjure a prism of explosive energy!
A fulminant prism comes into view.
The meliai closely misses you. You block the meliai's attack.
The meliai calls upon its god to heal the meliai.
The meliai is healed somewhat.
Casting: Fulminant Prism (dangerous; 2% risk of failure)
Confirm with . or Enter, or press ? or * to list all spells.
You erupt in a blast of force!
The mystic blast hits the meliai!
The meliai is heavily wounded.
The meliai is knocked back by the mystic blast.
The meliai collides with your fulminant prism!
Your fulminant prism is moderately damaged.
The meliai is almost dead.
The mystic blast hits the meliai!
The meliai is heavily wounded.
The meliai is knocked back by the mystic blast.
The meliai collides with the meliai!
The meliai is almost dead.
The meliai is heavily wounded.
You block the meliai's attack. The meliai stings you.
* * * LOW HITPOINT WARNING * * *
You are poisoned.
The meliai poisons you!
Your fulminant prism crackles loudly.
The meliai completely misses you. You block the meliai's attack.
Casting: Iskenderun's Mystic Blast (dangerous; 2% risk of failure)
Confirm with . or Enter, or press ? or * to list all spells.
You don't have enough magic to cast this spell.
You feel better. The meliai hits you with a +0 war axe!!
* * * LOW HITPOINT WARNING * * *
You block the meliai's attack. x2
The meliai stings you but does no damage.
The meliai hits you with a +2 heavy war axe!!
* * * LOW HITPOINT WARNING * * *
The meliai stings you!
You die...

.........# .........##
..........
.........############### ##
..##.....'.............# ..#
.........#.............# ..#
.........#....(........# ...#
.........######...###'###...'
............@######.....'...#
.##########yy#....'.##..#....
#..'....#.##..# ..
#######.*#....#.##D.# ##
.........##+###.....# ..#
###+#..........D....# ..+
'...............# ..#
.#.######........# ..#
..#.######...###..#


You could see 2 meliai and a friendly fulminant prism.

Vanquished Creatures
  2 two-headed ogres
  Nergalle (D:11)
  Amaemon (D:10)
  An orange demon (D:10)
  Joseph (D:8)
  A gargoyle (D:10)
  Maggie (D:6)
  Psyche (D:8)
  2 trolls (D:9)
  Grinder (D:6)
  Sigmund (D:3)
  2 shadows
  3 yaks (D:5)
  Grum (D:10)
  A steam dragon (D:7)
  3 wargs (D:11)
  An acid dragon (D:10)
  Duvessa (D:6)
  A water moccasin (D:7)
  2 orc warriors
  An ice beast (D:5)
  2 black bears (D:6)
  3 wolves (D:10)
  4 centaurs
  2 phantoms
  2 kobold brigands
  4 bullfrogs
  A gnoll sergeant (D:9)
  3 scorpions
  10 wights
  Dowan (D:6)
  8 killer bees
  A howler monkey (D:8)
  5 hounds
  A jelly (D:6)
  Crazy Yiuf (D:5)
  3 orc priests
  2 iguanas
  2 sleepcaps
  Jessica (D:2)
  16 orc wizards
  Terence (D:2)
  8 gnolls
  5 adders
  3 white imps
  2 ufetubi
  2 worms (D:2)
  A dart slug (D:1)
  29 orcs
  4 bats (D:3)
  8 endoplasms
  2 giant cockroaches (D:1)
  7 goblins
  4 hobgoblins
  4 quokkas
  6 ball pythons
  5 frilled lizards
  14 kobolds
  6 rats
212 creatures vanquished.

Vanquished Creatures (others)
  A sky beast (D:8)
  40 fulminant prisms
41 creatures vanquished.

Grand Total: 253 creatures vanquished

Notes
Turn   | Place    | Note
-------+----------+-------------------------------------------
     0 | D:1      | Cheops the Octopode Conjurer began the quest for the Orb.
     0 | D:1      | Reached XP level 1. HP: 11/11 MP: 3/3
   154 | D:1      | Reached XP level 2. HP: 17/17 MP: 0/5
   673 | D:1      | Reached XP level 3. HP: 21/21 MP: 4/7
   979 | D:1      | Learned a level 2 spell: Searing Ray
  1458 | D:2      | Reached XP level 4. HP: 27/27 MP: 5/8
  1540 | D:2      | Noticed Jessica
  1553 | D:2      | Killed Jessica
  1554 | D:2      | Reached skill level 5 in Conjurations
  1752 | D:2      | Noticed Terence
  1768 | D:2      | Killed Terence
  2034 | D:2      | Learned a level 4 spell: Iskenderun's Mystic Blast
  2129 | D:3      | Found Xetz's Weapon Boutique.
  2135 | D:3      | Reached XP level 5. HP: 31/31 MP: 4/9
  2286 | D:3      | Noticed Sigmund
  3096 | D:3      | Killed Sigmund
  3097 | D:3      | Reached XP level 6. HP: 8/36 MP: 1/10
  3102 | D:3      | Learned a level 4 spell: Fulminant Prism
  3590 | D:4      | Reached skill level 1 in Hexes
  3737 | D:4      | Reached XP level 7. HP: 41/41 MP: 4/11
  3965 | D:4      | Found Haqaed's Gadget Gallery.
  4517 | D:5      | Entered Level 5 of the Dungeon
  4643 | D:5      | Noticed a yak
  4912 | D:5      | Identified the +0 pair of boots "Qatum" {rN+ Will+ Regen+}
  5071 | D:5      | Reached XP level 8. HP: 46/46 MP: 3/12
  5291 | D:5      | Found a runed translucent door.
  5292 | D:5      | Noticed Crazy Yiuf
  5623 | D:5      | Noticed a yak
  5646 | D:5      | Noticed a yak
  5656 | D:5      | Killed a yak
  5968 | D:6      | Noticed Grinder
  5968 | D:6      | Noticed Maggie
  6017 | D:6      | Reached skill level 1 in Evocations
  6075 | D:6      | Identified a scroll of acquirement
  6076 | D:6      | Acquired the ring of the Magpie {Wiz rPois rF++ rN+ Stlth-}
  6171 | D:6      | Reached skill level 5 in Hexes
  6180 | D:6      | Reached XP level 9. HP: 51/51 MP: 5/13
  6307 | D:6      | Learned a level 3 spell: Dazzling Flash
  6411 | D:6      | Reached skill level 5 in Translocations
  6750 | D:6      | Killed Maggie
  6751 | D:6      | Reached skill level 5 in Stealth
  6861 | D:6      | Noticed Duvessa
  6886 | D:6      | Killed Duvessa
  6889 | D:6      | Noticed Dowan
  6894 | D:6      | Killed Dowan
  6946 | D:6      | Killed Grinder
  7048 | D:6      | Found a staircase to the Ecumenical Temple.
  7102 | D:6      | Found a staircase to the Ecumenical Temple.
  7578 | D:5      | Found a runed translucent door.
  8373 | D:5      | Killed Crazy Yiuf
  8761 | D:4      | Found Haqaed's Gadget Gallery.
  9449 | D:3      | Found Xetz's Weapon Boutique.
 10553 | D:7      | Reached skill level 1 in Shields
 10594 | Temple   | Entered the Ecumenical Temple
 11103 | D:7      | Reached XP level 10. HP: 28/56 MP: 16/16
 11309 | D:7      | Reached skill level 1 in Fighting
 12140 | D:8      | Found a snail-covered altar of Cheibriados.
 12140 | D:8      | Found a broken altar of Ashenzari.
 12140 | D:8      | Found a white marble altar of Elyvilon.
 12329 | D:8      | Noticed Psyche
 12350 | D:8      | Killed Psyche
 12819 | D:8      | Reached skill level 5 in Fighting
 12958 | D:8      | Found a staircase to the Lair.
 13085 | D:8      | Noticed Joseph
 13095 | D:8      | Found Uhoqof's Vocational Training.
 13820 | D:9      | Noticed a two-headed ogre
 13834 | D:9      | Killed a two-headed ogre
 14236 | D:9      | Reached skill level 5 in Spellcasting
 14682 | D:8      | Killed Joseph
 14683 | D:8      | Reached skill level 5 in Dodging
 14683 | D:8      | Reached XP level 11. HP: 67/75 MP: 0/18
 14845 | D:8      | Found a radiant altar of Vehumet.
 14847 | D:8      | Found a glowing silver altar of Zin.
 14868 | D:8      | Found a hazy altar of Hepliaklqana.
 15227 | D:8      | Found a glowing silver altar of Zin.
 15228 | D:8      | Found a radiant altar of Vehumet.
 15233 | D:8      | Found a white marble altar of Elyvilon.
 15234 | D:8      | Found a broken altar of Ashenzari.
 15234 | D:8      | Found a snail-covered altar of Cheibriados.
 15263 | D:8      | Found Uhoqof's Vocational Training.
 15390 | D:8      | Found a hazy altar of Hepliaklqana.
 15627 | D:8      | Found a staircase to the Lair.
 15798 | D:10     | Entered Level 10 of the Dungeon
 15843 | D:10     | Noticed Amaemon
 15850 | D:10     | Killed Amaemon
 16218 | D:10     | Noticed a two-headed ogre
 16236 | D:10     | Killed a two-headed ogre
 16354 | D:10     | Noticed Grum
 16360 | D:10     | Killed Grum
 17649 | D:11     | Noticed Nergalle
 17670 | D:11     | Killed Nergalle
 17855 | D:11     | Noticed a boulder beetle
 17883 | D:11     | Noticed Sonja
 17889 | D:11     | Sonja changed into Sonja the shapeshifter
 17889 | D:11     | Noticed Sonja
 17894 | D:11     | Found a staircase to the Orcish Mines.
 18146 | D:11     | Reached skill level 1 in Short Blades
 18173 | D:11     | HP: 3/75 [meliai/+2 heavy war axe (20)]
 18173 | D:11     | Mangled by a meliai

Illustrated notes

Levels and vault maps discovered:
D:1:      lightli_arrival_chessboard, layout_loops_ring, minmay_misc_feat_x
D:2:      layout_loops_ring, uniq_jessica, uniq_terence
D:3:      layout_basic, serial_shops, shop, nicolae_hexahallways, uniq_sigmund
D:4:      layout_loops_ring, nicolae_shop_gadgets
D:5:      layout_loops_ring, uniq_crazy_yiuf_cottage
D:6:      layout_gridville, minmay_temple_entry_purple_smoke, uniq_grinder,
          uniq_duvessa, uniq_maggie
D:7:      layout_loops_corners
D:8:      layout_loops_ring, mainiacjoe_overflow_surrounded_room,
          grunt_temple_overflow_open, lair_entry_dummy, nicolae_shop_vocational,
          uniq_joseph, uniq_psyche
D:9:      layout_roguey
D:10:     layout_roguey, uniq_grum, uniq_amaemon
D:11:     layout_stronghold, minmay_orc_entry_guard_dogs, kennysheep_nub,
          slow_altar_1, uniq_sonja, uniq_fannar, uniq_nergalle
Temple:   eino_temple_rhombus

Skill      XL: |  1  2  3  4  5  6  7  8  9 10 11 |
---------------+----------------------------------+-----
Spellcasting   | 3 4 5 |  5.0
Conjurations   | 5 6 7 8 |  8.0
Translocations | 3 4 5 |  5.0
Hexes          | 2 4 5 |  5.0
Stealth        | 3 9 |  9.2
Dodging        | 4 5 9 |  9.0
Evocations     | 3 |  3.0
Shields        | 3 4 |  4.0
Fighting       | 7 |  7.0
Short Blades   | 1 |  1.3

Action                     |  1- 3 |  4- 6 |  7- 9 | 10-12 || total
---------------------------+-------+-------+-------+-------++-------
  Melee: Unarmed           |     4 |     5 |       |       ||     9
         Tentacles         |     1 |     6 |    11 |     4 ||    22
         Constrict         |     1 |     5 |     4 |     3 ||    13
         Dagger            |       |    33 |    49 |    29 ||   111
         Punch             |       |       |       |     1 ||     1
   Cast: Magic Dart        |    58 |    34 |    68 |    43 ||   203
         Searing Ray       |     1 |    11 |    44 |    62 ||   118
         Fulminant Prism   |       |       |    15 |    26 ||    41
         Iskenderun's Myst |       |       |     7 |    37 ||    44
         Dazzling Flash    |       |       |       |     4 ||     4
  Evoke: Wand              |       |       |     1 |     6 ||     7
    Use: Scroll            |       |       |     7 |     8 ||    15
         Potion            |       |       |     1 |     4 ||     5
   Stab: Sleeping          |       |     3 |       |     1 ||     4
 Armour: Skin              |       |     2 |     1 |    15 ||    18
  Dodge: Dodged            |     4 |    36 |    62 |    55 ||   157
  Block: Other             |       |     1 |    16 |       ||    17
         Reflection        |       |       |     1 |     7 ||     8
         Buckler           |       |       |       |    60 ||    60
